 Dungeon Crawl Stone Soup version 0.31.0-11-ge490571c62 (webtiles) character file.

Game seed: 6839237439044434269

0 mopl the Apothecary (level 1, -1/11 HPs)
             Began as an Octopode Alchemist on Feb 10, 2024.
             Slain by a goblin
             ... wielding a +0 club
              (4 damage)
             ... on level 1 of the Dungeon.
             The game lasted 00:00:07 (44 turns).

mopl the Apothecary (Octopode Alchemist)              Turns: 44, Time: 00:00:08

Health: -1/11      AC:  1    Str:  7    XL:     1   Next: 10%
Magic:  0/3        EV: 13    Int: 17    God:
Gold:   4          SH:  0    Dex: 12    Spells: 3/4 levels left

rFire   . . .        (no weapon)
rCold   . . .        (no shield)
rNeg    . . .        (helmet restricted)
rPois   .            (no amulet)
rElec   .            (no ring)
rCorr   .            (no ring)
SInv    .            (no ring)
Will    .....        (no ring)
Stlth   +++          (no ring)
HPRegen 0.21/turn    (no ring)
MPRegen 0.08/turn    (no ring)
                     (no ring)

%: no passive effects
@: no status effects
A: almost no armour, amphibious, 8 rings, camouflage 1, gelatinous body 1,
(nimble swimmer 1), tentacles
a: no special abilities


You were on level 1 of the Dungeon.
You visited 1 branch of the dungeon, and saw 1 of its levels.

You collected 4 gold pieces.

Inventory:

Potions
 a - a potion of magic


   Skills:
 - Level 2.0 Dodging
 - Level 2.6 Stealth
 + Level 2.0 Spellcasting
 + Level 1.0 Conjurations
 + Level 3.3 Alchemy


You had 3 spell levels left.
You knew the following spells:

 Your Spells              Type           Power      Damage    Failure   Level
a - Sting                 Conj/Alch      36%        1d5       8%          1

Your spell library contained the following spells:

 Spells                   Type           Power      Damage    Failure   Level
 Mercury Vapours          Alch/Air       14%        N/A       16%         2
 Mephitic Cloud           Conj/Alch/Air  6%         N/A       32%         3
 Olgreb's Toxic Radiance  Alch           12%        N/A       45%         4
 Sticky Flame             Fire/Alch      7%         2d4       69%         4


Dungeon Overview and Level Annotations

Branches:
Dungeon (1/15)

Altars:


Innate Abilities, Weirdness & Mutations

You cannot wear most types of armour.
You are amphibious.
You can wear up to eight rings at the same time.
Your skin changes colour to match your surroundings (Stealth+).
Your rubbery body absorbs attacks. (AC +1, EV +1)
((You are camouflaged when in or above water. (Stealth+)))
You have tentacles for arms and can constrict up to eight enemies at once.


Message History

Welcome, mopl the Octopode Alchemist.
The breathtaking Orb of Zot lies far below, as if waiting for you to find it.
Press ? for a list of commands and other information.
Found 3 gold pieces.
Found a staircase leading out of the dungeon.
You now have 1 gold piece.
You now have 2 gold pieces (gained 1).
You now have 3 gold pieces (gained 1).
There is a fountain of clear blue water here.
You now have 4 gold pieces (gained 1).
As you open the door, it creaks loudly!
There is an open door here.
You open the door.
There is an open door here.
A ball python comes into view.
An endoplasm comes into view.
Found 24 gold pieces.
The sting hits the ball python.
The ball python is poisoned.
The ball python is moderately wounded.
The ball python hisses angrily.
The sting hits the ball python.
The ball python looks even sicker.
You kill the ball python!
A goblin comes into view. It is wielding a +0 club.
The goblin shouts!
The goblin hits you with a +0 club.
The sting hits the endoplasm.
The endoplasm partially resists.
The endoplasm is poisoned.
The endoplasm is lightly wounded.
The endoplasm freezes you.
You are frozen.
* * * LOW HITPOINT WARNING * * *
The goblin hits you with a +0 club.
You die...

.. .........
...#.......####
..#.......#...
...$.........
#..........# #........#
#....J...# #..$@g..#
##..##### #.## #.#.###
#.....#
###########'###########
#........'8.8+........#
#........#...#........#
#...⌠....##+##....⌠...#


You could see an endoplasm (poisoned) and a goblin.

Vanquished Creatures
  A ball python (D:1)
1 creature vanquished.

Notes
Turn   | Place    | Note
-------+----------+-------------------------------------------
     0 | D:1      | mopl the Octopode Alchemist began the quest for the Orb.
     0 | D:1      | Reached XP level 1. HP: 11/11 MP: 3/3
    44 | D:1      | Slain by a goblin

Illustrated notes

Levels and vault maps discovered:
D:1:      giann_wishing_wells, layout_rooms

Action                     || total
---------------------------++-------
   Cast: Sting             ||     3
 Armour: Skin              ||     2
